 Dungeon Crawl Stone Soup version 0.31.0-12-g77e489cdc1 (webtiles) character file.

Game seed: 10751182981797222781

137682 CheiChai the Destroyer (level 17, -11/147 HPs)
             Began as a Human Reaver on Feb 16, 2024.
             Was the Champion of Ashenzari.
             Blown up by a spellforged servitor (48 damage)
             ... with an orb of destruction
             ... summoned by the player character
             ... on level 2 of the Elven Halls.
             The game lasted 01:47:06 (34324 turns).

CheiChai the Destroyer (Human Reaver)              Turns: 34324, Time: 01:47:07

Health: -11/147    AC: 18    Str: 10    XL:     17   Next: 24%
Magic:  14/36      EV: 20    Int: 20    God:    Ashenzari [******]
Gold:   1566       SH:  5    Dex: 17    Spells: 6/47 levels left

rFire   + + .        U - +4 lajatang of the Cosmic Sage {distort, Sorc, Melee} (curse)
rCold   x . .        (shield currently unavailable)
rNeg    . . .        y - +3 troll leather armour of Ashenzari's Sybil {Regen+, Snorg, Comp, Elem} (curse)
rPois   +            S - +2 helmet of the Stellar Malaise {Bglg, Comp} (curse)
rElec   .            j - +0 cloak "Omniscient Fetters" {Melee, Cun} (curse)
rCorr   +            P - +2 pair of gloves of the Chained Seer {Self, Melee} (curse)
SInv    +            g - +0 pair of boots of Ashenzari's Gnosis {Sorc, Self} (curse)
Will    +++..        X - amulet of the Chained Moon {Reflect Dex+4 SH+5, Fort, Self} (curse)
Stlth   ++++         L - ring "Share My Insecurity" {rPois rF+ Will++ rCorr Str-3, Self, Fort} (curse)
HPRegen 1.24/turn    I - ring of Ashenzari's Oracle {Fire, Sorc, Cun} (curse)
MPRegen 0.25/turn

%: reflection, clarity
@: studying Ranged Weapons
A: explore regen
a: Renounce Religion, Shatter the Chains


You were on level 2 of the Elven Halls.
You worshipped Ashenzari.
Ashenzari was exalted by your worship.
You visited 4 branches of the dungeon, and saw 22 of its levels.
You visited the Abyss 1 time.
You also visited: Sewer, Bailey and Volcano.

You collected 2477 gold pieces.
You spent 911 gold pieces at shops.

Inventory:

Hand Weapons
 o - a +3 lajatang of flaming
 U - the cursed +4 lajatang of the Cosmic Sage (weapon) {distort, Sorc, Melee}
   (You found it on level 2 of the Lair of Beasts)

   It has a curse which improves the following skills: Sorcery: Conjurations and
   Alchemy.
   Melee Combat: Short Blades, Long Blades, Axes, Maces & Flails, Polearms,
   Staves and Unarmed Combat.
Missiles
 s - a throwing net
 Z - 4 curare-tipped darts (quivered)
Armour
 b - a +1 robe of willpower
 g - the cursed +0 pair of boots of Ashenzari's Gnosis (worn) {Sorc, Self}
   (You found it on level 1 of the Dungeon)

   It has a curse which improves the following skills: Sorcery: Conjurations and
   Alchemy.
   Introspection: Fighting and Spellcasting.
 j - the cursed +0 cloak "Omniscient Fetters" (worn) {Melee, Cun}
   (You found it on level 1 of the Dungeon)

   It has a curse which improves the following skills: Melee Combat: Short
   Blades, Long Blades, Axes, Maces & Flails, Polearms, Staves and Unarmed
   Combat.
   Cunning:   Dodging and Stealth.
 y - the cursed +3 troll leather armour of Ashenzari's Sybil (worn) {Regen+, Snorg, Comp, Elem}
   (You found it on level 11 of the Dungeon)

   Regen+:    It increases your rate of health regeneration.
   It has a curse which improves the following skills: Companions: Summonings
   and Necromancy.
   Elements:  Fire Magic, Ice Magic, Air Magic and Earth Magic.
 G - a +2 robe of positive energy
 P - the cursed +2 pair of gloves of the Chained Seer (worn) {Self, Melee}
   (You found it on level 8 of the Dungeon)

   It has a curse which improves the following skills: Introspection: Fighting
   and Spellcasting.
   Melee Combat: Short Blades, Long Blades, Axes, Maces & Flails, Polearms,
   Staves and Unarmed Combat.
 S - the cursed +2 helmet of the Stellar Malaise (worn) {Bglg, Comp}
   (You found it on level 1 of the Lair of Beasts)

   It has a curse which improves the following skills: Beguiling: Hexes and
   Translocations.
   Companions: Summonings and Necromancy.
 W - a +2 pair of boots of stealth
Magical Staves
 a - a staff of fire
 w - a staff of alchemy
Jewellery
 F - a ring of positive energy
 I - the cursed ring of Ashenzari's Oracle (right hand) {Fire, Sorc, Cun}
   (You found it on level 5 of the Dungeon)

   [ring of fire]

   Fire:      It enhances your fire magic.
   rF+:       It protects you from fire.
   rC-:       It makes you vulnerable to cold.
   It has a curse which improves the following skills: Sorcery: Conjurations and
   Alchemy.
   Cunning:   Dodging and Stealth.
 J - a +4 ring of protection
 K - an amulet of magic regeneration
 L - the cursed ring "Share My Insecurity" (left hand) {rPois rF+ Will++ rCorr Str-3, Self, Fort}
   (You bought it in a shop on level 10 of the Dungeon)

   [ring of protection from fire]

   Str-3:     It affects your strength (-3).
   rF+:       It protects you from fire.
   rPois:     It protects you from poison Will++: It greatly increases your
   willpower.
   rCorr:     It protects you from acid and corrosion.
   It has a curse which improves the following skills: Introspection: Fighting
   and Spellcasting.
   Fortitude: Armour and Shields.
 O - a ring of poison resistance
 R - a ring of wizardry
 V - a ring of wizardry
 X - the cursed amulet of the Chained Moon (around neck) {Reflect Dex+4 SH+5, Fort, Self}
   (You found it on level 4 of the Lair of Beasts)

   [amulet of reflection]

   Reflect:   It reflects blocked missile attacks.
   Dex+4:     It affects your dexterity (+4).
   SH+5:      It affects your SH (+5).
   It has a curse which improves the following skills: Fortitude: Armour and
   Shields.
   Introspection: Fighting and Spellcasting.
 Y - an amulet of the acrobat
Wands
 d - a wand of polymorph (14)
 u - a wand of mindburst (35)
Scrolls
 f - 5 scrolls of fear
 h - 2 scrolls of amnesia
 l - 6 scrolls of poison
 m - 11 scrolls of teleportation
 p - 4 scrolls of fog
 t - 4 scrolls of butterflies
 x - 3 scrolls of enchant weapon
 C - 8 scrolls of identify
 D - 3 scrolls of blinking
 E - 4 scrolls of immolation
 H - 5 scrolls of vulnerability
 M - 5 scrolls of revelation
 N - a scroll of silence
 T - a scroll of torment
Potions
 c - 3 potions of invisibility
 e - 6 potions of enlightenment
 i - a potion of mutation
 k - 8 potions of haste
 n - 4 potions of attraction
 r - 11 potions of heal wounds
 v - 5 potions of curing
 z - a potion of ambrosia
 A - 3 potions of brilliance
 B - 6 potions of lignification
 Q - a potion of berserk rage


   Skills:
 + Level 11.4(17.1) Fighting
 - Level 3.4(9.7) Polearms
 - Level 9.6(14.5) Staves
 + Level 11.1(14.6) Armour
 + Level 11.2(14.8) Dodging
 + Level 6.9(10.5) Stealth
 + Level 10.2(15.9) Spellcasting
 * Level 13.6(18.3) Conjurations
 + Level 9.4(13.0) Summonings
 + Level 10.5(12.9) Fire Magic


You had 6 spell levels left.
You knew the following spells:

 Your Spells              Type           Power      Damage    Failure   Level
a - Summon Cactus Giant   Summ           31%        N/A       3%          6
b - Momentum Strike       Conj/Tloc      100%       3d10      1%          2
c - Scorch                Fire           100%       2d9       1%          2
d - Hailstorm             Conj/Ice       52%        3d10      1%          3
e - Flame Wave            Conj/Fire      87%        2d19      1%          4
f - Brom's Barrelling Bo  Conj/Erth      52%        2d7       1%          4
g - Summon Blazeheart Go  Fire/Summ      80%        N/A       1%          4
h - Orb of Destruction    Conj           36%        9d11      2%          7
i - Blink                 Tloc           34%        N/A       6%          2
j - Spellforged Servitor  Conj/Summ      34%        N/A       6%          7

Your spell library contained the following spells:

 Spells                   Type           Power      Damage    Failure   Level
 Magic Dart               Conj           100%       1d8       0%          1
 Kiss of Death            Conj/Necr      100%       2d13      1%          1
 Shock                    Conj/Air       100%       1d9       1%          1
 Call Imp                 Summ           100%       N/A       1%          2
 Dazzling Flash           Conj/Hex       100%       N/A       1%          3
 Mephitic Cloud           Conj/Alch/Air  41%        N/A       1%          3
 Stone Arrow              Conj/Erth      100%       3d13      1%          3
 Martyr's Knell           Necr/Summ      43%        N/A       2%          4
 Animate Armour           Summ/Erth      84%        N/A       3%          4
 Summon Lightning Spire   Summ/Air       42%        N/A       3%          4
 Sandblast                Erth           34%        2d9       4%          1
 Cigotuvi's Dreadful Rot  Necr/Alch/Air  34%        N/A       6%          2
 Ensorcelled Hibernation  Hex/Ice        34%        N/A       6%          2
 Jinxbite                 Hex            34%        N/A       6%          2
 Lesser Beckoning         Tloc           34%        N/A       6%          2
 Confusing Touch          Hex            17%        N/A       12%         3
 Gell's Gravitas          Tloc           17%        N/A       12%         3
 Passwall                 Erth           17%        N/A       12%         3
 Swiftness                Air            17%        N/A       12%         3
 Teleport Other           Tloc           17%        N/A       12%         3
 Anguish                  Hex/Necr       8%         N/A       36%         4
 Dispel Undead            Necr           17%        3d10      36%         4
 Airstrike                Air            8%         2d(2-18)  38%         4
 Cause Fear               Hex            8%         N/A       38%         4
 Curse of Agony           Necr           17%        N/A       71%         5
 Yara's Violent Unravell  Hex/Alch       8%         3d5       71%         5
 Lee's Rapid Deconstruct  Erth           8%         3d7*      75%         5
 Silence                  Hex/Air        8%         N/A       75%         5
 Death Channel            Necr           8%         N/A       99%         6
 Enfeeble                 Hex            8%         N/A       100%        7


Dungeon Overview and Level Annotations

Branches:
Dungeon (13/15)            Temple (0/1) D:7            Lair (5/5) D:9
 Shoals (0/4) Lair:2       Spider (0/4) Lair:2        Slime (0/5) Lair:5
    Orc (2/2) D:10            Elf (2/3) Orc:2         Sewer (visited)
 Bailey (visited)         Volcano (visited)
 Vaults: D:13-14

Altars:
Ashenzari
Dithmenos
Fedhas
Gozag
Hepliaklqana
Kikubaaqudgha
Ru
Uskayaw
Vehumet
Wu Jian
Jiyva
Lugonu

Shops:
D:2 [   D:4 *   D:10 =(=:   Orc:2 [?*??   Elf:1 *

Portals:
Abyss: Lair:5
Trove: Elf:1 (give +4 shadow dragon scales)

Annotations:
Elf:1 4 runed translucent doors


Innate Abilities, Weirdness & Mutations

You regain HP and MP as you explore.


Message History

Confirm with . or Enter, or press ? or * to list all spells.
Your spellforged servitor conjures an orb of pure magic.
The wavering orb of destruction weakly hits the +4 glaive of flaming!
The +4 glaive of flaming hits you from afar!!
The +4 glaive of flaming burns you.
Unknown command.
The +4 glaive of flaming barely misses you.
A deep elf pyromancer comes into view. It is wielding a +0 short sword.
The +4 glaive of flaming closely misses you.
Your spellforged servitor conjures an orb of pure magic.
Your cactus giant hits the +4 glaive of flaming with a +0 giant spiked club.
You block the +4 glaive of flaming's attack.
The wavering orb of destruction hits the +4 glaive of flaming!!
The +4 glaive of flaming falls from the air.
Your spellforged servitor launches a ball of destructive magic.
The deep elf zephyrmancer points at you and mumbles some strange words.
The bolt of lightning misses you.
The deep elf pyromancer gestures at you while chanting.
The bolt of fire hits your cactus giant!!!
The bolt of fire hits you. You resist.
Your spellforged servitor launches a ball of destructive magic.
The orb fizzles. x2
The deep elf pyromancer hits you but does no damage.
Your cactus giant closely misses the deep elf pyromancer.
You hit the deep elf pyromancer.
The deep elf pyromancer is lightly wounded.
You slash the deep elf pyromancer!
Space warps around the deep elf pyromancer.
The deep elf pyromancer is heavily wounded.
The deep elf pyromancer misses you.
Your spellforged servitor conjures a glowing orb.
You slice the deep elf pyromancer!!
You kill the deep elf pyromancer!
The deep elf zephyrmancer points at you and mumbles some strange words.
The bolt of lightning hits your cactus giant!!
The bolt of lightning misses you. The bolt of lightning hits you!!
* * * LOW HITPOINT WARNING * * *
The bolt of lightning hits your cactus giant!
The orb of destruction hits you!!!
You die...

*,,,,,,,,,{........
#.......,,.........
#......,,..........
#.....*............
#....#*#.....{.....
#....* #...........
#...#* *#...{......
#...## ##).........
#.@☼.###...........
#.C○)e#............
##..9)))...........
#......##...##...#
###...####.####.##
##### ### ### ##
##.


You could see a deep elf zephyrmancer (ally target), a friendly spellforged
servitor (summoned) and a friendly cactus giant (summoned).

Vanquished Creatures
  Agnes (Elf:2)
  A ghost moth (Abyss:1)
  A deep elf sorcerer (Elf:1)
  Azrael (Orc:1)
  A lorocyproca (Abyss:1)
  A deep elf annihilator (Elf:1)
  Snorg (D:11)
  An ettin (Orc:1)
  Erolcha (Orc:1)
  2 hydras (Lair:3)
  A vault guard (Bailey)
  Erica (D:8)
  An ogre mage (D:12)
  6 centaur warriors
  4 boulder beetles
  2 two-headed ogres (D:13)
  4 death yaks (Lair:3)
  8 dancing weapons
  4 thrashing horrors (Lair:5)
  7 deep elf knights
  Nergalle (D:10)
  A skyshark (Lair:2)
  3 large abominations
  2 deep elf archers (Elf:1)
  10 deep elf zephyrmancers
  11 deep elf pyromancers
  4 ugly things
  3 cyclopes
  3 orc sorcerers
  Pikel (D:2)
  2 orc knights (Orc:2)
  6 elephants
  2 salamanders (Volcano)
  A manticore (D:13)
  A meliai (Lair:2)
  4 black mambas
  2 kobold blastminers (Orc:2)
  Joseph (D:10)
  A smoke demon (Lair:5)
  14 cane toads
  2 gargoyles
  2 rime drakes
  11 komodo dragons
  A kobold demonologist (D:13)
  An unseen horror (D:12)
  2 starcursed masses (Abyss:1)
  Psyche (D:10)
  A polar bear (Lair:1)
  5 trolls
  Grinder (D:6)
  Prince Ribbit (Bailey)
  27 blink frogs
  A hornet (shapeshifter) (Elf:1)
  A raiju (Lair:5)
  13 dream sheep
  An air elemental (Elf:2)
  3 centaur simulacra (D:12)
  4 shadows
  3 slime creatures (D:12)
  13 wyverns
  3 ynoxinuls
  Sigmund (D:3)
  38 yaks
  A spriggan (Lair:5)
  3 fire bats
  A wraith (D:10)
  2 vampires
  3 fire elementals
  5 humans (Bailey)
  2 basilisks (Lair:5)
  A steam dragon (Volcano)
  A neqoxec (Abyss:1)
  2 wargs
  3 vampire mosquitoes (D:11)
  3 chaos spawn
  3 acid dragons (D:11)
  A hell hound (Orc:2)
  13 water moccasins
  4 nameless horrors
  4 ice beasts
  16 orc warriors
  A black bear (D:9)
  2 sky beasts (D:8)
  6 ogres
  7 centaurs
  27 wolves
  A phantom (D:6)
  A kobold brigand (D:8)
  A lemure (D:2)
  2 scorpions
  5 necrophages (D:6)
  2 gnoll sergeants
  33 bullfrogs
  9 small abominations
  3 earth elementals
  9 wights
  16 killer bees
  9 howler monkeys
  A centaur zombie (D:6)
  5 hounds
  2 jellies (Lair:5)
  9 orc priests
  2 bombardier beetles
  A sleepcap (D:7)
  A gnoll bouda (D:4)
  Crazy Yiuf (D:4)
  4 iguanas
  25 orc wizards
  Ijyb (D:3)
  14 gnolls
  10 adders
  2 river rats
  2 shadow imps (D:5)
  6 white imps
  3 ufetubi
  6 dart slugs (Sewer)
  2 ribbon worms
  68 orcs
  4 bats
  3 endoplasms
  22 giant cockroaches
  12 goblins
  7 hobgoblins
  4 jackals (D:1)
  A quokka (D:1)
  10 ball pythons
  12 frilled lizards
  9 kobolds
  10 rats
719 creatures vanquished.

Vanquished Creatures (collateral kills)
  A deep elf elementalist (Elf:1)
  A deep elf demonologist (Elf:2)
  A deep elf annihilator (Elf:1)
  An ettin (Orc:1)
  A fire dragon (Volcano)
  A two-headed ogre (Volcano)
  15 dancing weapons
  3 deep elf knights
  4 deep elf archers (Elf:2)
  3 orc knights
  10 deep elf zephyrmancers
  6 deep elf pyromancers
  A salamander (Volcano)
  2 kobold blastminers (Orc:2)
  An elephant (Lair:2)
  A blink frog (Abyss:1)
  A nameless horror (Elf:2)
  An air elemental (Elf:1)
  A water elemental (Elf:2)
  A wraith (D:12)
  2 wyverns (Volcano)
  A yak (D:11)
  3 fire elementals (Elf:2)
  3 hell hounds (Orc:1)
  11 orc warriors (Orc:2)
  A black bear (Orc:1)
  2 centaurs (Orc:2)
  A bullfrog (Lair:3)
  2 earth elementals
  An orc wizard (Orc:1)
  2 orcs
  5 boulders
90 creatures vanquished.

Vanquished Creatures (others)
  A small abomination (Lair:5)
  An orc (Orc:2)
  7 blazeheart cores
  13 boulders
22 creatures vanquished.

Grand Total: 831 creatures vanquished

Notes
Turn   | Place    | Note
-------+----------+-------------------------------------------
     0 | D:1      | CheiChai the Human Reaver began the quest for the Orb.
     0 | D:1      | Reached XP level 1. HP: 16/16 MP: 3/3
   110 | D:1      | Reached XP level 2. HP: 22/22 MP: 5/5
   138 | D:1      | Found a faded altar of an unknown god.
   200 | D:1      | Prayed at the altar of an unknown god.
   200 | D:1      | Became a worshipper of Ashenzari the Shackled
   221 | D:1      | Learned a level 2 spell: Momentum Strike
   387 | D:1      | Reached XP level 3. HP: 27/28 MP: 6/6
   582 | D:1      | Reached skill level 1 in Armour
   765 | D:2      | Found Warag's Antique Armour Shop.
  1454 | D:2      | Reached XP level 4. HP: 34/34 MP: 7/7
  1553 | D:3      | Noticed Ijyb
  2085 | D:3      | Killed Ijyb
  2086 | D:3      | Reached XP level 5. HP: 23/40 MP: 8/8
  2381 | D:3      | Learned a level 2 spell: Scorch
  2421 | D:3      | Noticed Sigmund
  2433 | D:3      | Killed Sigmund
  2434 | D:3      | Reached skill level 4 in Conjurations
  2434 | D:3      | Reached skill level 1 in Fire Magic
  2434 | D:3      | Reached XP level 6. HP: 46/47 MP: 8/10
  2586 | D:3      | Learned a level 3 spell: Hailstorm
  2643 | D:4      | Found a glowing drain.
  2644 | D:4      | Noticed Pikel
  2872 | D:2      | Killed Pikel
  2873 | D:2      | Reached XP level 7. HP: 37/54 MP: 2/12
  3005 | Sewer    | Entered a sewer
  3088 | Sewer    | Reached * piety under Ashenzari
  3744 | Sewer    | Reached XP level 8. HP: 61/61 MP: 7/14
  4723 | D:4      | Found Asigimm's General Store.
  4762 | D:4      | Found a runed translucent door.
  4763 | D:4      | Noticed Crazy Yiuf
  4980 | D:4      | Learned a level 4 spell: Flame Wave
  4982 | D:4      | Killed Crazy Yiuf
  5028 | D:5      | Entered Level 5 of the Dungeon
  5055 | D:5      | Reached skill level 5 in Conjurations
  5156 | D:5      | Found an ornate altar of the Wu Jian Council.
  5452 | D:5      | Found an opulent altar of Gozag.
  5608 | D:5      | Found a hazy altar of Hepliaklqana.
  6313 | D:6      | Noticed Grinder
  6324 | D:6      | Killed Grinder
  6325 | D:6      | Reached skill level 5 in Fighting
  6325 | D:6      | Reached skill level 5 in Dodging
  6325 | D:6      | Reached XP level 9. HP: 60/69 MP: 7/17
  7096 | D:6      | Reached skill level 5 in Spellcasting
  7200 | D:6      | Reached skill level 5 in Armour
  7286 | D:6      | Found a blossoming altar of Fedhas.
  7540 | D:6      | Reached skill level 6 in Conjurations
  8552 | D:7      | Reached ** piety under Ashenzari
  8559 | D:7      | Found a staircase to the Ecumenical Temple.
  8638 | D:7      | Reached XP level 10. HP: 66/79 MP: 9/20
  8652 | D:7      | Reached skill level 5 in Fire Magic
  9346 | D:2      | Bought a glimmering chain mail for 218 gold pieces
  9346 | D:2      | Identified the +1 chain mail of Tulips {rF+ Will+} (You
                  | bought it in a shop on level 2 of the Dungeon)
  9616 | D:8      | Learned a level 4 spell: Brom's Barrelling Boulder
  9621 | D:8      | Learned a level 4 spell: Summon Blazeheart Golem
  9688 | D:8      | Noticed Erica
  9693 | D:8      | Killed Erica
  9694 | D:8      | Reached skill level 1 in Summonings
 10510 | D:9      | Found a staircase to the Lair.
 10650 | D:9      | Reached skill level 7 in Conjurations
 11790 | D:9      | Found a hide-covered altar of Uskayaw.
 11792 | D:9      | Reached *** piety under Ashenzari
 12170 | Lair:1   | Entered Level 1 of the Lair of Beasts
 12178 | Lair:1   | Noticed a cane toad
 12188 | Lair:1   | Killed a cane toad
 12188 | Lair:1   | Noticed a cane toad
 12189 | Lair:1   | Reached XP level 11. HP: 58/89 MP: 7/23
 12291 | D:9      | Reached skill level 1 in Stealth
 13419 | Lair:1   | Identified the +3 leather armour "Xiteuzua" {-Cast Fly
                  | Str-5 Dex+7}
 13519 | Lair:1   | Noticed a boulder beetle
 13599 | Lair:1   | Killed a boulder beetle
 14381 | Lair:2   | Found a hole to the Spider Nest.
 14639 | Lair:2   | Reached skill level 8 in Conjurations
 14642 | Lair:2   | Reached XP level 12. HP: 97/97 MP: 11/25
 15022 | Lair:2   | Found a staircase to the Shoals.
 15709 | Lair:2   | Noticed a skyshark
 15714 | Lair:2   | Killed a skyshark
 16292 | Lair:2   | Reached skill level 5 in Staves
 16742 | Lair:3   | Reached **** piety under Ashenzari
 17522 | Lair:3   | Noticed a six-headed hydra
 18027 | Lair:3   | Noticed a six-headed hydra
 18044 | Lair:3   | Killed a six-headed hydra
 18045 | Lair:3   | Reached XP level 13. HP: 105/105 MP: 9/27
 18352 | Lair:4   | Reached ***** piety under Ashenzari
 18543 | Lair:4   | Found a transporter.
 18585 | Lair:4   | Found a transporter.
 18585 | Lair:4   | Identified the +2 cloak of the Blessed Realm {-Cast +Inv
                  | rPois Dex-5}
 18586 | Lair:4   | Identified the amulet of Qamuba {Reflect Dex+4 SH+5}
 18947 | Lair:3   | Reached skill level 5 in Summonings
 19713 | Lair:4   | Learned a level 7 spell: Orb of Destruction
 20039 | Lair:5   | Entered Level 5 of the Lair of Beasts
 20383 | Lair:5   | Reached skill level 9 in Conjurations
 20733 | Lair:5   | Found a staircase to the Slime Pits.
 20754 | Lair:5   | Found a viscous altar of Jiyva.
 21284 | Lair:5   | Found a one-way gate to the infinite horrors of the Abyss.
 21288 | Lair:5   | Found a corrupted altar of Lugonu.
 21301 | Lair:5   | Reached XP level 14. HP: 70/115 MP: 8/29
 21360 | Lair:5   | Reached skill level 10 in Conjurations
 22637 | D:10     | Entered Level 10 of the Dungeon
 22678 | D:10     | Found Zonewn's Book Shop.
 22773 | D:10     | Found a shadowy altar of Dithmenos.
 22773 | D:10     | Found a sacrificial altar of Ru.
 22791 | D:10     | Noticed Psyche
 22794 | D:10     | Killed Psyche
 22797 | D:10     | Noticed Nergalle
 22805 | D:10     | Killed Nergalle
 22835 | D:10     | Found a staircase to the Orcish Mines.
 22977 | D:10     | Noticed Joseph
 23001 | D:10     | Killed Joseph
 23142 | D:10     | Found Teirapla's Jewellery Boutique.
 23160 | D:10     | Found Urghu's Jewellery Shoppe.
 23163 | D:10     | Found Ybroshom's Antique Weapon Shop.
 23283 | D:10     | Found a flagged portal.
 23291 | Bailey   | Entered a bailey
 23421 | Bailey   | Noticed Prince Ribbit
 23430 | Bailey   | Killed Prince Ribbit
 24414 | D:10     | Bought the ring "Minof" {rPois rF+ Will++ rCorr Str-3} for
                  | 693 gold pieces
 24960 | D:11     | Noticed Snorg
 24969 | D:11     | Killed Snorg
 25704 | D:12     | Reached skill level 11 in Conjurations
 26040 | D:12     | Identified the +1 spear of Ru's Grace {holy, *Noise Str+4
                  | Dex+3 SInv}
 26257 | D:12     | Reached XP level 15. HP: 124/124 MP: 31/31
 26402 | D:12     | Learned a level 2 spell: Blink
 26410 | D:12     | Learned a level 7 spell: Spellforged Servitor
 26418 | D:12     | Learned a level 6 spell: Summon Cactus Giant
 28114 | Orc:1    | Entered Level 1 of the Orcish Mines
 28120 | Orc:1    | Reached skill level 10 in Fighting
 28254 | Orc:1    | Noticed Sonja
 28254 | Orc:1    | Noticed Erolcha
 28265 | Orc:1    | Killed Erolcha
 28267 | Abyss:1  | Cast into level 1 of the Abyss (Sonja)
 28372 | Abyss:1  | Reached skill level 10 in Dodging
 28397 | Abyss:1  | Noticed a bone dragon
 28407 | Abyss:1  | Noticed a ghost moth
 28434 | Abyss:1  | Killed a ghost moth
 28566 | Abyss:1  | Noticed a tentacled monstrosity
 28619 | Abyss:1  | Noticed a tentacled starspawn
 28642 | Abyss:1  | Noticed a tentacled monstrosity
 28649 | Abyss:1  | Banished a tentacled monstrosity
 28675 | Orc:1    | Escaped the Abyss
 28678 | Orc:1    | Sonja changed into Sonja the black bear
 28678 | Orc:1    | Noticed Sonja
 28678 | Orc:1    | Killed Sonja the black bear
 29141 | Orc:2    | Entered Level 2 of the Orcish Mines
 29141 | Orc:2    | Found a staircase to the Elven Halls.
 29142 | Orc:2    | Noticed Azrael
 29403 | Orc:1    | Reached ****** piety under Ashenzari
 29413 | Orc:1    | Killed Azrael
 29470 | Orc:2    | Reached skill level 10 in Armour
 29564 | Orc:2    | Reached skill level 12 in Conjurations
 29804 | Orc:2    | Found a dark tunnel.
 29821 | Volcano  | Entered a volcano
 30013 | Volcano  | Reached skill level 5 in Stealth
 30255 | Orc:2    | Found Hogamuik's Antique Armour Boutique.
 30337 | Orc:2    | Reached XP level 16. HP: 78/138 MP: 24/35
 30358 | Orc:2    | HP: 6/138 [kobold blastminer/bolt (13)]
 30728 | Orc:2    | Found Deuc Riwa's General Store.
 30728 | Orc:2    | Found Awnyb's Magic Scroll Shoppe.
 30730 | Orc:2    | Found Beshral's Magic Scroll Emporium.
 30732 | Orc:2    | Found Weosis's Magic Scroll Boutique.
 30790 | Elf:1    | Entered Level 1 of the Elven Halls
 30790 | Elf:1    | Found a runed translucent gate.
 30790 | Elf:1    | Found a runed translucent gate.
 30790 | Elf:1    | Found a runed translucent gate.
 30790 | Elf:1    | Found a runed translucent gate.
 30790 | Elf:1    | Found a runed translucent gate.
 30790 | Elf:1    | Found a runed translucent gate.
 30794 | Elf:1    | Found a runed translucent door.
 30844 | Elf:1    | Found a runed translucent door.
 31169 | Elf:1    | Found a portal to a secret trove of treasure.
 31285 | Elf:1    | Found Waemnaol's Whimsical Warehouse.
 31351 | Elf:1    | Found a radiant altar of Vehumet.
 31497 | Elf:1    | Found a runed translucent gate.
 31498 | Elf:1    | Found a runed translucent gate.
 31499 | Elf:1    | Found a runed translucent gate.
 31508 | Elf:1    | Paralysed by an air elemental for 1 turns
 31514 | Elf:1    | Paralysed by an air elemental for 1 turns
 31518 | Elf:1    | Paralysed by an air elemental for 1 turns
 32324 | Elf:1    | Reached skill level 10 in Fire Magic
 32475 | Elf:1    | Found an ancient bone altar of Kikubaaqudgha.
 32694 | Elf:2    | Found a runed translucent gate.
 32694 | Elf:2    | Found a runed translucent gate.
 32720 | Elf:2    | Found a runed translucent gate.
 32780 | Elf:2    | Reached skill level 13 in Conjurations
 32928 | Elf:2    | Noticed a Hell Sentinel
 32945 | Elf:2    | Paralysed by an air elemental for 1 turns
 33533 | Elf:2    | Reached skill level 10 in Spellcasting
 33540 | Elf:2    | Noticed Agnes
 33555 | Elf:2    | Killed Agnes
 33723 | Elf:2    | Reached XP level 17. HP: 137/146 MP: 6/36
 33868 | Elf:2    | HP: 7/147 [+2 halberd of venom (15)]
 34324 | Elf:2    | Blown up by a spellforged servitor

Illustrated notes

Levels and vault maps discovered:
D:1:      amcnicky_arrival_double_pillar, layout_rooms,
          ebering_ecumenical_altar_sacrificial
D:2:      layout_loops_corners, serial_shops, shop
D:3:      layout_rooms, uniq_sigmund, uniq_ijyb
D:4:      layout_basic, serial_shops, shop, portal_sewer_entry_a,
          uniq_crazy_yiuf_cottage, uniq_pikel
D:5:      layout_basic, grunt_gozag_breadcrumbs, lemuel_round_altar,
          nzn_hepliaklqana_mist_gate, chequers_arboretum, nicolae_hexahallways,
          dk_noncrumbling_4
D:6:      layout_basic, fedhas_altar_decomposition, uniq_grinder
D:7:      layout_cave_pods, minmay_temple_entry_trees
D:8:      layout_loops_cross, minmay_manual_maat, uniq_erica
D:9:      layout_basic, mainiacjoe_overflow_paths, due_lair_maze_entry_diamond
D:10:     layout_basic, chequers_temple_overflow_statue_of_worship, david_orc_3,
          enter_bailey_4, serial_shops, nicolae_shop_just_a_little_nook, shop,
          shop, shop, kb_rosetta, uniq_psyche, uniq_joseph, uniq_nergalle
D:11:     layout_irregular_city, minmay_crystal_water, uniq_snorg
D:12:     cheibrodos_elevator_heist, layout_loops_ring, serial_ice,
          serial_ice_d, serial_ice_j, serial_ice_e, serial_ice_h, serial_ice_m,
          nicolae_figureground_pulse
D:13:     layout_irregular_city, minivault_11
Lair:1:   layout_cave_pods
Lair:2:   layout_regular_city, shoals_dummy_entry,
          hellmonk_spider_entry_not_the_bees, chequers_serial_rivers_micro_a,
          grunt_megastairs_1
Lair:3:   layout_long_grid, beast_lair_carwin_9, grunt_megastairs_4,
          serial_bayou_shore_b
Lair:4:   gammafunk_worm_tunnel, layout_small_grid
Lair:5:   hellmonk_lair_end_abyssal_woods, layout_layer_cave,
          nicolae_slime_entry_field_trip
Orc:1:    minmay_goldmine, layout_diamond_mine, uniq_erolcha, uniq_sonja
Orc:2:    st_orc_rangers, layout_diamond_mine, nicolae_volcano_entry_batcave,
          serial_shops, shop, uniq_azrael
Elf:1:    nicolae_elf_arrival_dilemma, layout_loops_ring,
          infiniplex_enter_wizlab_spiral, nicolae_trove_entry_diagonal,
          basic_altar, nicolae_elf_blasts_and_bolts,
          serial_sigils_hangedman_confine, drop_trap, minivault_23,
          nicolae_alphabet_shops, st_stairs_1, lemuel_statue_altar,
          corexii_checkpoint, nicolae_gammafunk_elf_defective_weapons_storage,
          lemuel_upstairs_altar
Elf:2:    elven_hall_of_blades_hangedman_original
          [nicolae_blade_entry_floor_patterns], layout_geoelf_octagon,
          uniq_agnes

Skill      XL: |  1  2  3  4  5  6  7  8  9 10 11 12 13 14 15 16 17 |
---------------+----------------------------------------------------+-----
Armour         | 1 2 3 4 5 6 7 8 9 10 11 | 11.1
Fighting       | 3 4 5 6 7 8 9 10 11 | 11.4
Dodging        | 3 4 5 6 7 8 9 10 11 | 11.2
Conjurations   | 4 5 6 7 8 9 11 12 13 | 13.6
Fire Magic     | 1 2 3 4 5 6 7 8 9 10 | 10.5
Spellcasting   | 3 4 5 6 7 8 9 10 | 10.2
Summonings     | 2 4 5 6 8 9 |  9.4
Stealth        | 3 4 5 6 |  6.9
Staves         | 8 9 |  9.6
Polearms       | |  3.4

Action                     |  1- 3 |  4- 6 |  7- 9 | 10-12 | 13-15 | 16-18 || total
---------------------------+-------+-------+-------+-------+-------+-------++-------
  Melee: Spear             |   196 |       |       |       |       |       ||   196
         Dagger            |     6 |   111 |    10 |       |       |       ||   127
         Punch             |     1 |     1 |     3 |       |       |       ||     5
         Staff             |       |       |    45 |    32 |       |       ||    77
         Quarterstaff      |       |       |    88 |    62 |       |       ||   150
         Lajatang          |       |       |       |    51 |   665 |   194 ||   910
   Cast: Hailstorm         |       |     6 |    21 |     8 |    22 |     1 ||    58
         Scorch            |       |       |   126 |    72 |    31 |     1 ||   230
         Momentum Strike   |       |       |     2 |     1 |       |       ||     3
         Flame Wave        |       |       |    11 |    52 |    55 |     2 ||   120
         Kiss of Death     |       |       |     2 |       |       |       ||     2
         Brom's Barrelling |       |       |       |    32 |     6 |     1 ||    39
         Summon Blazeheart |       |       |       |    22 |    16 |       ||    38
         Orb of Destructio |       |       |       |       |    37 |    23 ||    60
         Spellforged Servi |       |       |       |       |    13 |    19 ||    32
         Summon Cactus Gia |       |       |       |       |     9 |    27 ||    36
         Blink             |       |       |       |       |       |     2 ||     2
 Invoke: Curse Item        |     1 |       |     2 |     3 |     5 |       ||    11
         Shatter the Chain |       |       |       |       |     2 |       ||     2
  Evoke: Wand              |       |       |       |       |     1 |       ||     1
    Use: Scroll            |       |       |       |     4 |     5 |       ||     9
         Potion            |       |       |       |       |     3 |     3 ||     6
   Stab: Petrifying        |       |       |     1 |       |       |       ||     1
         Sleeping          |       |       |       |     1 |    14 |     6 ||    21
         Distracted        |       |       |       |     1 |     7 |     3 ||    11
         Confused          |       |       |       |       |     1 |       ||     1
 Armour: Leather armour    |    18 |       |       |       |       |       ||    18
         Chain mail        |   103 |    64 |       |       |       |       ||   167
         Robe              |       |    30 |   106 |   188 |   181 |       ||   505
         Troll leather arm |       |       |       |       |   245 |   163 ||   408
  Dodge: Dodged            |    56 |    75 |   165 |   347 |   675 |   143 ||  1461
  Block: Other             |       |       |       |       |    99 |    35 ||   134
         Reflection        |       |       |       |       |    18 |     9 ||    27
